 Dungeon Crawl Stone Soup version 0.23.2 (webtiles) character file.

Game seed: 1066935091145429366

21312 Borgoz the Slicer (level 12, -11/76 HPs)
             Began as a Gargoyle Gladiator on Apr 12, 2019.
             Was a Believer of Ashenzari.
             Mangled by a vampire knight
             ... wielding a +0 long sword
              (13 damage)
             ... on level 12 of the Dungeon on Apr 13, 2019.
             The game lasted 00:45:42 (16169 turns).

Borgoz the Slicer (Gargoyle Gladiator)             Turns: 16169, Time: 00:45:42

Health: -11/76     AC: 17    Str: 20    XL:     12   Next: 88%
Magic:  16/17      EV: 22    Int: 13    God:    Ashenzari [**....]
Gold:   688        SH:  0    Dex: 15    Spells: 16/17 levels left

rFire    . . .     SeeInvis +   b - +1 dagger (venom)
rCold    . . .     Gourm    .   (no shield)
rNeg     + . .     Faith    .   i - +0 leather armour of Roinwoik {Int+3}
rPois    ∞         Spirit   .   K - +2 hat {SInv}
rElec    +         Reflect  .   N - +1 cloak {rPois}
rCorr    .         Harm     .   (no gloves)
MR       .....                  (no boots)
Stlth    +++.......             (no amulet)
HPRegen  0.22/turn              v - +2 ring of strength
MPRegen  0.15/turn              p - +3 ring of evasion

@: about to teleport, barbed spikes
A: negative energy resistance 1, electricity resistance, unbreathing,
petrification resistance, rot immunity, AC +8
a: Curse Item, Scrying, Renounce Religion


You were on level 12 of the Dungeon.
You worshipped Ashenzari.
Ashenzari was pleased with you.
You were not hungry.

You visited 1 branch of the dungeon, and saw 12 of its levels.
You also visited: Bailey.

You collected 769 gold pieces.
You spent 81 gold pieces at shops.

Inventory:

Hand Weapons
 a - a +0 rapier
 b - a +1 dagger of venom (weapon)
 A - a +0 rapier
Missiles
 F - 2 throwing nets (quivered)
Armour
 i - the +0 leather armour of Roinwoik (worn) {Int+3}
   (You found it on level 5 of the Dungeon)

   It affects your intelligence (+3).
 x - the +0 robe "Ozututt" {Int+2}
   (You found it on level 4 of the Dungeon)

   It affects your intelligence (+2).
 K - a +2 hat of see invisible (worn)
 N - a +1 cloak of poison resistance (worn)
Jewellery
 d - an uncursed ring of protection from magic
 l - an uncursed ring of resist corrosion
 n - an uncursed ring of positive energy
 p - a +3 ring of evasion (right hand)
 v - a +2 ring of strength (left hand)
 w - an uncursed ring of wizardry
 y - an uncursed ring of flight
 z - an uncursed ring of magical power
 D - an uncursed amulet of faith
 E - an uncursed ring of wizardry
 L - the ring of the Tempest {+Fly MR+ Int+3}
   (You found it on level 6 of the Dungeon)

   [ring of flight]

   It affects your intelligence (+3).
   It affects your resistance to hostile enchantments.
   It lets you fly.
 O - an uncursed ring of see invisible
Wands
 m - a wand of paralysis (8)
 t - a wand of disintegration (12)
 u - a wand of acid (12)
 H - a wand of iceblast (14)
Scrolls
 c - a scroll of holy word {unknown}
 g - a scroll of enchant armour
 h - 2 scrolls of fear
 j - 9 scrolls of remove curse
 k - 2 scrolls of blinking {unknown}
 o - 3 scrolls of amnesia {unknown}
 q - 2 scrolls of teleportation
 s - 5 scrolls of magic mapping
 I - a scroll of noise {unknown}
 M - a scroll of vulnerability
Potions
 B - a potion of flight
 C - a potion of cancellation
 G - a potion of resistance
 J - a potion of might
Comestibles
 f - 19 rations


   Skills:
 + Level 9.3 Fighting
 * Level 11.0 Short Blades
 - Level 1.7 Throwing
 + Level 8.9 Armour
 * Level 10.2 Dodging
 - Level 5.0 Stealth
 - Level 3.4 Spellcasting
 + Level 3.8 Hexes
 - Level 3.3 Evocations


You had 16 spell levels left.
You knew the following spells:

 Your Spells              Type           Power        Failure   Level  Hunger
a - Confusing Touch       Hex            ##....       5%          1    #......

Your spell library contained the following spells:

 Spells                   Type           Power        Failure   Level  Hunger
 Animate Skeleton         Necr           N/A          26%         1    #......
 Apportation              Tloc           #.....       26%         1    #......
 Pain                     Necr           #...         26%         1    #......
 Summon Small Mammal      Summ           #...         26%         1    #......
 Regeneration             Chrm/Necr      #.........   58%         3    ###....
 Vampiric Draining        Necr           #.........   58%         3    ###....
 Animate Dead             Necr           N/A          94%         4    #####..


Dungeon Overview and Level Annotations

Branches:
Dungeon (12/15)            Temple (0/1) D:7            Lair (0/6) D:9
    Orc (0/2) D:12

Altars:
Ashenzari
Cheibriados
Elyvilon
Wu Jian
Xom
Zin
Beogh

Shops:
D:7 *

Annotations:
D:3 1 runed translucent door, Kairos's ghost, amateur FoAK


Innate Abilities, Weirdness & Mutations

You are resistant to torment.
Your stone body is resilient. (AC +8)
You are immune to poison.
You resist negative energy. (rN+)
You are resistant to electric shocks. (rElec)
You can survive without breathing.
You are immune to petrification.
You are immune to rotting.


Message History

You hit the vampire knight.
The vampire knight is lightly damaged.
Casting: Confusing Touch (safe; 5% risk of failure)
Confirm with . or Enter, or press ? or * to list all spells.
You don't know that spell.
Unknown command.
You hit the vampire knight but do no damage.
The vampire knight is lightly damaged.
The vampire knight hits you with a +0 long sword!!
* * * LOW HITPOINT WARNING * * *
The vampire knight misses you.
The manticore flicks its tail.
The volley of spikes misses the vampire knight.
The volley of spikes hits you!
The barbed spikes become lodged in your body.
* * * LOW HITPOINT WARNING * * *
As you read the scroll of teleportation, it crumbles to dust.
You feel strangely unstable.
The vampire knight hits you with a +0 long sword!
You die...

, , * * , * #...# ,..
* *, ...$# ... , * *,
,#...##...* ,
**,#........# , ,,
,*,#........# *
#...##...# *
###.#####H..##...#
.......@Vu..##...#
##....###...##...####
#... * #...##......##
, *#... #........##..#
,
.....####..[#'#...##.#
,,, ,
##*#......###.###..#.#
#######
#..>..##..HV.##...##
#.....#
#....##......{##...#
#.....# *
#....#...###...#...#


You could see a vampire knight (invisible), a purple ugly thing and a manticore.

Vanquished Creatures
  Gastronok (D:10)
  2 two-headed ogres
  Erica (D:9)
  A death knight (D:12)
  3 unseen horrors
  Pikel (D:5)
  An ugly thing (D:10)
  A manticore (D:8)
  2 wolf spiders (D:12)
  2 cyclopes
  Maurice (D:9)
  A kobold demonologist (D:11)
  Prince Ribbit (D:7)
  A wyvern (D:10)
  3 shadows (D:11)
  17 yaks
  4 hogs (D:9)
  A human (D:9)
  2 hungry ghosts (D:9)
  2 wargs
  2 sky beasts
  3 ice beasts
  7 orc warriors
  A black bear (D:7)
  A necrophage (D:10)
  2 slaves (D:5)
  2 wolves (D:9)
  An ogre (D:10)
  2 phantoms
  7 centaurs
  3 bullfrogs
  8 gnoll sergeants (Bailey)
  10 killer bees
  2 howler monkeys (D:8)
  4 wights (D:7)
  3 jellies
  2 electric eels (D:9)
  2 crimson imps
  2 quasits
  8 hounds
  2 bullfrog skeletons
  Crazy Yiuf (D:5)
  6 gnoll shamans (Bailey)
  10 orc priests
  4 centaur skeletons
  7 iguanas
  Ijyb (D:4)
  13 orc wizards
  7 worker ants
  A killer bee zombie (D:7)
  A bullfrog simulacrum (D:9)
  A hound skeleton (D:11)
  A hound zombie (D:10)
  Robin (D:3)
  3 worker ant zombies
  14 gnolls (Bailey)
  14 adders
  2 white imps
  An ufetubus (D:9)
  2 oozes
  An adder skeleton (D:10)
  3 worms (D:3)
  3 dart slugs (D:1)
  An adder simulacrum (D:9)
  5 leopard geckos
  37 orcs
  4 ball pythons
  5 bats
  A giant cockroach (D:4)
  11 goblins
  10 hobgoblins
  5 jackals (D:8)
  7 quokkas
  3 frilled lizards
  7 kobolds
  A leopard gecko skeleton (D:6)
  A quokka zombie (D:9)
  13 rats
330 creatures vanquished.

Vanquished Creatures (others)
  An orc (D:11)
1 creature vanquished.

Grand Total: 331 creatures vanquished

Notes
Turn   | Place    | Note
-------+----------+-------------------------------------------
     0 | D:1      | Borgoz the Gargoyle Gladiator began the quest for the Orb.
     0 | D:1      | Reached XP level 1. HP: 12/12 MP: 1/1
    89 | D:1      | Reached XP level 2. HP: 7/17 MP: 2/2
   269 | D:1      | Reached skill level 3 in Short Blades
   435 | D:1      | Reached XP level 3. HP: 22/22 MP: 3/3
   918 | D:2      | Reached skill level 1 in Armour
  1269 | D:3      | Reached XP level 4. HP: 21/27 MP: 4/4
  1474 | D:3      | Noticed Robin
  1506 | D:3      | Killed Robin
  1594 | D:3      | Reached XP level 5. HP: 16/32 MP: 5/5
  2055 | D:3      | Found a runed translucent door.
  2065 | D:3      | Noticed Kairos's ghost (amateur FoAK)
  2318 | D:4      | Noticed Ijyb
  2331 | D:4      | Killed Ijyb
  2331 | D:4      | Reached skill level 4 in Short Blades
  2531 | D:4      | Reached XP level 6. HP: 28/37 MP: 6/6
  2571 | D:4      | Got a brightly glowing robe
  3107 | D:4      | Found a glowing silver altar of Zin.
  3135 | D:4      | Identified the cursed +0 robe "Ozututt" {Int+2} (You found
                  | it on level 4 of the Dungeon)
  3168 | D:5      | Entered Level 5 of the Dungeon
  3262 | D:5      | Got a jewelled leather armour
  3285 | D:5      | Identified the cursed +0 leather armour of Roinwoik {Int+3}
                  | (You found it on level 5 of the Dungeon)
  3295 | D:5      | Noticed Pikel
  3295 | D:5      | Noticed a slave
  3295 | D:5      | Noticed a slave
  3295 | D:5      | Noticed a slave
  3296 | D:5      | Noticed a slave
  3304 | D:5      | Killed a slave
  3320 | D:5      | Killed a slave
  3329 | D:5      | Killed Pikel
  3329 | D:5      | Reached skill level 5 in Short Blades
  3329 | D:5      | Reached XP level 7. HP: 13/43 MP: 7/7
  3871 | D:5      | Found a runed translucent door.
  3872 | D:5      | Noticed Crazy Yiuf
  4223 | D:5      | Killed Crazy Yiuf
  4280 | D:6      | Reached XP level 8. HP: 40/48 MP: 8/8
  4297 | D:6      | Reached skill level 5 in Dodging
  4409 | D:6      | Got a slimy wooden ring
  4411 | D:6      | Identified the ring of the Tempest {+Fly MR+ Int+3} (You
                  | found it on level 6 of the Dungeon)
  4455 | D:6      | Found an ornate altar of the Wu Jian Council.
  4541 | D:6      | Found a shimmering altar of Xom.
  4542 | D:6      | Found a shattered altar of Ashenzari.
  4578 | D:6      | Became a worshipper of Ashenzari the Shackled
  5108 | D:6      | Reached skill level 6 in Short Blades
  5318 | D:6      | Found a white marble altar of Elyvilon.
  5440 | D:7      | Reached skill level 5 in Fighting
  5710 | D:7      | Found a flagged portal.
  5806 | Bailey   | Entered a bailey
  5807 | Bailey   | Reached * piety under Ashenzari
  5809 | Bailey   | Reached XP level 9. HP: 45/54 MP: 9/9
  6109 | Bailey   | Reached skill level 7 in Short Blades
  6112 | Bailey   | Reached skill level 9 in Short Blades
  6112 | Bailey   | Reached XP level 10. HP: 12/64 MP: 10/10
  6713 | Bailey   | Learned a level 1 spell: Confusing Touch
  7443 | D:7      | Found a staircase to the Ecumenical Temple.
  7611 | D:7      | Found a snail-covered altar of Cheibriados.
  7613 | D:7      | Noticed Prince Ribbit
  7640 | D:7      | Killed Prince Ribbit
  7824 | D:7      | Found Tigaops's Assorted Antiques.
  7832 | D:7      | Bought a scroll of teleportation for 81 gold pieces
  8102 | D:8      | Noticed a two-headed ogre
  8121 | D:8      | Killed a two-headed ogre
  8121 | D:8      | Reached skill level 1 in Stealth
  8151 | D:8      | Killed an unseen horror
  8151 | D:8      | Reached skill level 1 in Spellcasting
  8151 | D:8      | Reached skill level 1 in Hexes
  8151 | D:8      | Reached skill level 1 in Evocations
  8151 | D:8      | Reached XP level 11. HP: 23/68 MP: 12/12
  9051 | D:8      | Noticed a manticore
  9090 | D:8      | Killed a manticore
  9611 | D:9      | Noticed Maurice
  9647 | D:9      | Killed Maurice
  9943 | D:9      | Found a staircase to the Lair.
 10017 | D:9      | Noticed Erica
 10048 | D:9      | Killed Erica
 10048 | D:9      | Reached skill level 10 in Short Blades
 10535 | D:9      | Noticed a two-headed ogre
 10554 | D:9      | Killed a two-headed ogre
 11240 | D:10     | Entered Level 10 of the Dungeon
 11465 | D:10     | Reached ** piety under Ashenzari
 12041 | D:10     | Noticed Gastronok
 12090 | D:10     | Killed Gastronok
 12090 | D:10     | Reached XP level 12. HP: 15/75 MP: 14/16
 13737 | D:11     | HP: 1/76 [cyclops (19)]
 15040 | D:12     | Noticed an orc warlord
 15111 | D:11     | Reached skill level 10 in Dodging
 15243 | D:12     | Noticed a death knight
 15371 | D:12     | Killed a death knight
 15537 | D:12     | Found a staircase to the Orcish Mines.
 15850 | D:12     | Found a roughly hewn altar of Beogh.
 15864 | D:12     | Reached skill level 11 in Short Blades
 15884 | D:12     | Reached skill level 5 in Stealth
 16141 | D:12     | Noticed a vampire knight
 16168 | D:12     | HP: 2/76 [manticore/volley of spikes (8)]
 16169 | D:12     | Mangled by a vampire knight

Skill      XL: |  1  2  3  4  5  6  7  8  9 10 11 12 |
---------------+-------------------------------------+-----
Short Blades   | 3 4 5 6 9 10 11 | 11.0
Armour         | 1 2 3 4 7 8 |  8.9
Dodging        | 3 4 5 8 9 10 | 10.2
Fighting       | 3 4 5 7 8 9 |  9.3
Stealth        | 1 3 5 |  5.0
Spellcasting   | 1 2 3 |  3.4
Hexes          | 1 2 3 |  3.8
Evocations     | 1 2 3 |  3.3
Throwing       | |  1.7

Action                   |  1- 3 |  4- 6 |  7- 9 | 10-12 || total
-------------------------+-------+-------+-------+-------++-------
Melee: Rapier            |    47 |       |       |    33 ||    80
       Dagger            |    48 |   222 |   370 |  1447 ||  2087
Throw: Throwing net      |       |     1 |     3 |    22 ||    26
 Cast: Confusing Touch   |       |       |       |    39 ||    39
Evoke: Wand              |       |       |     9 |    19 ||    28
  Use: Potion            |       |     1 |    10 |     4 ||    15
       Scroll            |       |     2 |     1 |     9 ||    12
 Stab: Held in net/web   |       |       |     1 |    10 ||    11
       Confused          |       |       |       |    43 ||    43
       Sleeping          |       |       |       |     5 ||     5
       Distracted        |       |       |       |     2 ||     2
  Eat: Chunk             |     1 |     5 |    10 |    39 ||    55
       Ration            |       |       |       |     1 ||     1
Armor: Leather armour    |    43 |    64 |    99 |   365 ||   571
       Skin              |       |       |    46 |    16 ||    62
Dodge: Dodged            |    48 |   116 |   272 |   912 ||  1348
